[ AOE2 MATCH · #513810109 ]
UnrankedMagyars vs Byzantines
Player's team · LOSS
[ REPLAY ANALYSIS · EXTRACTED FROM THE RECORDED GAME ]
Feudal
8:58
Castle
23:31
Imperial
—
| APM avg | 49.8 |
| APM peak | 86 |
| eAPM avg | 26.2 |
| Villagers / military | 179 / 107 |
Focus
⚔️ 28.5% · 🌾 71.5%
Scout Cavalry ×50 · Scorpion ×21 · Archer ×14 · Knight ×11 · Skirmisher ×7 · Monk ×3
Feudal
11:18
Castle
22:26
Imperial
40:48
| APM avg | 36.8 |
| APM peak | 78 |
| eAPM avg | 18.0 |
| Villagers / military | 94 / 129 |
Focus
⚔️ 37.6% · 🌾 62.4%
Knight ×44 · Cavalry Archer ×37 · Spearman ×14 · Archer ×13 · Trebuchet (Packed) ×6 · Skirmisher ×5
Match map
Initial resources + every placement click. Lines = walls · curves = elevation contours. ◆ gold · ⬟ stone · ● berries · ✦ relic · ◌ wall gap
Your base· ✓ Closed at 23:31 · 62t walls · no gate
omnomhailz's base· ✓ Closed at 22:26 · 54t walls · 2 gate(s)
Smoothed initial terrain · ◌ = detected wall gap · hover for details
Inputs per minute
— 貓抓板 - - omnomhailz
Build order — 貓抓板
First 150 of 526 actions detected
| 0:00 | queue | Villager (Male) |
| 0:01 | queue | Villager (Male) |
| 0:01 | queue | Villager (Male) |
| 0:02 | Build | House |
| 0:04 | Build | House |
| 0:12 | queue | Villager (Male) |
| 0:12 | queue | Villager (Male) |
| 1:24 | queue | Villager (Male) |
| 1:50 | queue | Villager (Male) |
| 2:18 | Build | Lumber Camp |
| 2:21 | queue | Villager (Male) |
| 2:21 | queue | Villager (Male) |
| 2:54 | queue | Villager (Male) |
| 3:37 | Build | House |
| 3:39 | queue | Villager (Male) |
| 4:13 | queue | Villager (Male) |
| 4:13 | queue | Villager (Male) |
| 4:18 | queue | Villager (Male) |
| 4:25 | queue | Villager (Male) |
| 4:25 | queue | Villager (Male) |
| 5:30 | queue | Villager (Male) |
| 5:37 | Build | Mill |
| 5:40 | queue | Villager (Male) |
| 5:59 | Research | Loom |
| 6:48 | Research | Feudal Age |
| 7:32 | Build | Barracks |
| 7:44 | queue | Villager (Male) |
| 8:40 | Build | Palisade Wall |
| 8:41 | Build | Palisade Wall |
| 8:47 | Build | Palisade Wall |
| 8:48 | Build | Palisade Wall |
| 8:58 | Age | Feudal Age |
| 9:07 | queue | Villager (Male) |
| 9:12 | Build | Barracks |
| 9:13 | queue | Villager (Male) |
| 9:20 | Build | Palisade Wall |
| 9:21 | Build | Palisade Wall |
| 9:25 | Build | Palisade Wall |
| 9:31 | Build | Palisade Wall |
| 9:36 | Build | House |
| 9:43 | Research | Town Watch |
| 9:48 | Build | House |
| 10:06 | Build | Archery Range |
| 10:09 | queue | Villager (Male) |
| 10:28 | queue | Villager (Male) |
| 10:51 | Build | Mining Camp |
| 10:54 | queue | Archer |
| 10:54 | queue | Archer |
| 11:02 | queue | Spearman |
| 11:05 | queue | Villager (Male) |
| 11:05 | queue | Villager (Male) |
| 11:18 | queue | Villager (Male) |
| 11:29 | Build | Farm |
| 11:40 | queue | Villager (Male) |
| 11:50 | Build | Palisade Wall |
| 11:54 | Build | Palisade Wall |
| 12:02 | Build | Farm |
| 12:09 | queue | Villager (Male) |
| 12:17 | Build | House |
| 12:23 | queue | Villager (Male) |
| 12:30 | queue | Archer |
| 12:33 | Build | Farm |
| 12:41 | Build | Palisade Wall |
| 12:46 | Build | Palisade Wall |
| 12:51 | Build | Farm |
| 12:53 | Build | Farm |
| 12:59 | Build | Palisade Wall |
| 13:34 | queue | Archer |
| 13:44 | queue | Villager (Male) |
| 13:46 | Build | Palisade Wall |
| 14:03 | Build | House |
| 14:07 | queue | Archer |
| 14:12 | queue | Villager (Male) |
| 14:21 | Build | Palisade Wall |
| 14:22 | queue | Villager (Male) |
| 14:28 | queue | Archer |
| 14:28 | queue | Archer |
| 14:45 | queue | Archer |
| 14:49 | queue | Villager (Male) |
| 14:49 | queue | Villager (Male) |
| 14:52 | Build | Farm |
| 14:52 | Build | Farm |
| 14:52 | Build | Farm |
| 15:05 | queue | Villager (Male) |
| 15:10 | Build | Stable |
| 15:20 | Build | Palisade Wall |
| 15:28 | queue | Archer |
| 15:41 | queue | Villager (Male) |
| 15:45 | Build | House |
| 15:46 | Build | House |
| 15:52 | Build | Palisade Wall |
| 16:07 | Build | Palisade Wall |
| 16:16 | queue | Scout Cavalry |
| 16:16 | queue | Scout Cavalry |
| 16:16 | queue | Villager (Male) |
| 16:21 | Build | Farm |
| 16:23 | Build | Farm |
| 16:34 | Build | Palisade Wall |
| 16:51 | Research | Bloodlines |
| 16:53 | queue | Villager (Male) |
| 17:12 | queue | Scout Cavalry |
| 17:16 | queue | Scout Cavalry |
| 17:22 | Build | Farm |
| 17:33 | Build | House |
| 17:42 | queue | Scout Cavalry |
| 17:47 | queue | Villager (Male) |
| 17:55 | queue | Villager (Male) |
| 17:58 | Build | Farm |
| 18:16 | queue | Archer |
| 18:16 | queue | Archer |
| 18:20 | Build | Blacksmith |
| 18:39 | queue | Archer |
| 18:55 | queue | Villager (Male) |
| 19:06 | queue | Archer |
| 19:08 | queue | Villager (Male) |
| 19:08 | queue | Villager (Male) |
| 19:12 | queue | Scout Cavalry |
| 19:12 | queue | Scout Cavalry |
| 19:15 | Build | House |
| 19:23 | queue | Scout Cavalry |
| 19:25 | queue | Villager (Male) |
| 19:27 | queue | Villager (Male) |
| 19:36 | queue | Villager (Male) |
| 19:41 | queue | Archer |
| 19:52 | Build | Farm |
| 19:53 | Build | Farm |
| 19:53 | Build | Farm |
| 20:05 | queue | Villager (Male) |
| 20:18 | Build | Farm |
| 20:18 | Build | Farm |
| 20:19 | Build | Farm |
| 20:41 | Build | Lumber Camp |
| 20:52 | Research | Castle Age |
| 20:52 | Research | Castle Age |
| 21:09 | Build | Farm |
| 21:44 | Research | Double-Bit Axe |
| 21:52 | queue | Skirmisher |
| 21:52 | queue | Skirmisher |
| 21:56 | Build | House |
| 22:01 | Build | Farm |
| 22:17 | queue | Villager (Male) |
| 22:22 | queue | Skirmisher |
| 22:22 | queue | Skirmisher |
| 22:38 | Build | Market |
| 22:52 | Build | Farm |
| 22:54 | Build | Farm |
| 22:54 | Build | Farm |
| 23:08 | Build | House |
| 23:15 | Build | Stable |
| 23:17 | Research | Scale Barding Armor |
Build order — omnomhailz
First 150 of 385 actions detected
| 0:01 | queue | Villager (Male) |
| 0:01 | queue | Villager (Male) |
| 0:02 | Build | House |
| 0:04 | Build | House |
| 0:22 | queue | Villager (Male) |
| 0:22 | queue | Villager (Male) |
| 1:22 | queue | Villager (Male) |
| 1:53 | queue | Villager (Male) |
| 1:54 | queue | Villager (Male) |
| 2:04 | Build | Lumber Camp |
| 2:27 | queue | Villager (Male) |
| 2:59 | queue | Villager (Male) |
| 3:00 | queue | Villager (Male) |
| 3:45 | queue | Villager (Male) |
| 4:09 | queue | Villager (Male) |
| 4:11 | Build | House |
| 4:13 | Build | House |
| 4:39 | queue | Villager (Male) |
| 4:43 | queue | Villager (Male) |
| 5:11 | Build | Barracks |
| 5:14 | Build | Palisade Wall |
| 5:35 | queue | Villager (Male) |
| 5:52 | queue | Villager (Male) |
| 6:11 | queue | Villager (Male) |
| 6:13 | queue | Militia |
| 6:23 | queue | Militia |
| 6:24 | queue | Militia |
| 6:30 | Build | Palisade Wall |
| 6:46 | Build | Mill |
| 6:54 | queue | Villager (Male) |
| 6:59 | Build | Palisade Wall |
| 7:09 | queue | Villager (Male) |
| 7:47 | queue | Villager (Male) |
| 7:52 | Research | Loom |
| 8:00 | Build | House |
| 8:26 | Build | House |
| 9:08 | Research | Feudal Age |
| 9:16 | Build | Palisade Wall |
| 9:31 | Build | Palisade Wall |
| 9:47 | Build | Palisade Gate |
| 10:13 | Build | Mining Camp |
| 10:44 | queue | Villager (Male) |
| 11:18 | Age | Feudal Age |
| 11:22 | Build | Archery Range |
| 11:25 | Build | Blacksmith |
| 11:36 | queue | Villager (Male) |
| 11:37 | Research | Double-Bit Axe |
| 11:37 | Research | Horse Collar |
| 11:38 | Research | Horse Collar |
| 11:46 | Build | Farm |
| 12:10 | queue | Villager (Male) |
| 12:10 | queue | Villager (Male) |
| 12:17 | Build | Palisade Wall |
| 12:18 | queue | Archer |
| 12:18 | queue | Archer |
| 12:25 | Research | Man-at-Arms (upgrade) |
| 12:40 | Build | House |
| 12:41 | queue | Villager (Male) |
| 12:46 | Build | Farm |
| 12:48 | Build | Farm |
| 12:57 | Build | House |
| 13:00 | Build | Palisade Wall |
| 13:17 | Build | Farm |
| 13:22 | queue | Archer |
| 13:22 | queue | Archer |
| 13:35 | queue | Villager (Male) |
| 13:35 | queue | Villager (Male) |
| 13:45 | Build | Palisade Wall |
| 13:47 | queue | Archer |
| 14:12 | queue | Villager (Male) |
| 14:12 | queue | Villager (Male) |
| 14:15 | Build | Farm |
| 14:17 | Build | Farm |
| 14:52 | queue | Villager (Male) |
| 14:54 | Build | Farm |
| 14:56 | queue | Archer |
| 14:58 | Research | Padded Archer Armor |
| 15:11 | Build | House |
| 15:15 | Build | Palisade Wall |
| 15:21 | queue | Archer |
| 15:22 | queue | Villager (Male) |
| 15:26 | Build | Palisade Gate |
| 15:28 | Build | Palisade Wall |
| 15:38 | Build | Farm |
| 15:43 | queue | Archer |
| 16:02 | queue | Villager (Male) |
| 16:07 | Build | Farm |
| 16:10 | Build | Farm |
| 16:18 | queue | Archer |
| 16:23 | Research | Fletching |
| 16:25 | queue | Villager (Male) |
| 16:54 | queue | Skirmisher |
| 16:55 | queue | Villager (Male) |
| 17:01 | Build | House |
| 17:02 | Build | House |
| 17:03 | queue | Villager (Male) |
| 17:07 | Build | Farm |
| 17:12 | Build | Farm |
| 17:39 | queue | Villager (Male) |
| 17:39 | queue | Villager (Male) |
| 17:48 | queue | Skirmisher |
| 17:57 | Research | Wheelbarrow |
| 18:10 | queue | Skirmisher |
| 18:10 | queue | Archer |
| 18:16 | queue | Archer |
| 18:16 | queue | Archer |
| 18:31 | Build | Farm |
| 18:32 | Build | Farm |
| 18:32 | Build | Farm |
| 18:32 | Build | Farm |
| 18:33 | Build | Farm |
| 19:19 | queue | Archer |
| 19:46 | Research | Castle Age |
| 19:46 | Research | Castle Age |
| 19:53 | Build | Archery Range |
| 20:28 | Build | Archery Range |
| 20:46 | Build | Lumber Camp |
| 21:15 | Build | House |
| 21:22 | queue | Villager (Male) |
| 21:22 | queue | Villager (Male) |
| 21:42 | Build | House |
| 21:43 | Build | House |
| 22:26 | Age | Castle Age |
| 22:29 | queue | Cavalry Archer |
| 22:30 | queue | Cavalry Archer |
| 22:30 | queue | Cavalry Archer |
| 22:32 | Research | Bow Saw |
| 22:33 | queue | Villager (Male) |
| 22:52 | queue | Cavalry Archer |
| 22:53 | queue | Cavalry Archer |
| 22:53 | queue | Cavalry Archer |
| 22:55 | Research | Bodkin Arrow |
| 22:56 | Research | Leather Archer Armor |
| 23:01 | Build | House |
| 23:24 | queue | Cavalry Archer |
| 23:25 | queue | Cavalry Archer |
| 23:25 | queue | Cavalry Archer |
| 23:29 | queue | Villager (Male) |
| 23:58 | Build | Palisade Wall |
| 24:00 | Build | Palisade Wall |
| 24:05 | Build | Palisade Wall |
| 24:10 | Build | Palisade Wall |
| 24:21 | queue | Villager (Male) |
| 24:22 | Research | Hand Cart |
| 24:24 | queue | Cavalry Archer |
| 24:31 | Build | Market |
| 24:35 | queue | Villager (Male) |
| 24:53 | queue | Villager (Male) |
| 24:53 | queue | Villager (Male) |
| 24:57 | Build | Farm |
Match timeline
| 5:11 | omnomhailz · first_building Barracks |
| 5:14 | omnomhailz · wall_segment Palisade Wall x1 |
| 6:30 | omnomhailz · wall_segment Palisade Wall x9 |
| 6:59 | omnomhailz · wall_segment Palisade Wall x1 |
| 7:32 | 貓抓板 · first_building Barracks |
| 8:40 | 貓抓板 · wall_segment Palisade Wall x2 |
| 8:41 | 貓抓板 · wall_segment Palisade Wall x1 |
| 8:47 | 貓抓板 · wall_segment Palisade Wall x3 |
| 8:48 | 貓抓板 · wall_segment Palisade Wall x1 |
| 8:58 | 貓抓板 · age_up feudal |
| 9:16 | omnomhailz · wall_segment Palisade Wall x10 |
| 9:20 | 貓抓板 · wall_segment Palisade Wall x2 |
| 9:21 | 貓抓板 · wall_segment Palisade Wall x1 |
| 9:25 | 貓抓板 · wall_segment Palisade Wall x2 |
| 9:31 | 貓抓板 · wall_segment Palisade Wall x1 |
| 9:31 | omnomhailz · wall_segment Palisade Wall x11 |
| 10:06 | 貓抓板 · first_building Archery Range |
| 11:18 | omnomhailz · age_up feudal |
| 11:22 | omnomhailz · first_building Archery Range |
| 11:50 | 貓抓板 · wall_segment Palisade Wall x4 |
| 11:54 | 貓抓板 · wall_segment Palisade Wall x3 |
| 12:17 | omnomhailz · wall_segment Palisade Wall x6 |
| 12:41 | 貓抓板 · wall_segment Palisade Wall x1 |
| 12:46 | 貓抓板 · wall_segment Palisade Wall x2 |
| 12:59 | 貓抓板 · wall_segment Palisade Wall x7 |
| 13:00 | omnomhailz · wall_segment Palisade Wall x6 |
| 13:45 | omnomhailz · wall_segment Palisade Wall x9 |
| 13:46 | 貓抓板 · wall_segment Palisade Wall x1 |
| 14:21 | 貓抓板 · wall_segment Palisade Wall x7 |
| 15:10 | 貓抓板 · first_building Stable |
| 15:15 | omnomhailz · wall_segment Palisade Wall x1 |
| 15:20 | 貓抓板 · wall_segment Palisade Wall x8 |
| 15:28 | omnomhailz · wall_segment Palisade Wall x1 |
| 15:52 | 貓抓板 · wall_segment Palisade Wall x5 |
| 16:07 | 貓抓板 · wall_segment Palisade Wall x4 |
| 16:34 | 貓抓板 · wall_segment Palisade Wall x8 |
| 22:26 | omnomhailz · age_up castle |
| 23:31 | 貓抓板 · age_up castle |
| 23:44 | 貓抓板 · first_market_buy 100 food |
| 23:58 | omnomhailz · wall_segment Palisade Wall x2 |
| 24:00 | omnomhailz · wall_segment Palisade Wall x1 |
| 24:05 | omnomhailz · wall_segment Palisade Wall x1 |
| 24:10 | omnomhailz · wall_segment Palisade Wall x1 |
| 25:26 | omnomhailz · first_market_buy 100 wood |
| 26:42 | omnomhailz · wall_segment Palisade Wall x2 |
| 26:43 | omnomhailz · wall_segment Palisade Wall x1 |
| 26:46 | omnomhailz · wall_segment Palisade Wall x1 |
| 26:47 | omnomhailz · wall_segment Palisade Wall x1 |
| 26:49 | omnomhailz · wall_segment Palisade Wall x1 |
| 26:58 | 貓抓板 · first_building Siege Workshop |
| 27:02 | omnomhailz · first_building Monastery |
| 27:28 | omnomhailz · first_market_sell 100 food |
| 28:20 | omnomhailz · first_building Siege Workshop |
| 32:09 | omnomhailz · first_building Castle |
| 32:28 | 貓抓板 · first_building Monastery |
| 36:28 | omnomhailz · first_building Stable |
| 37:21 | omnomhailz · wall_segment Palisade Wall x1 |
| 37:21 | omnomhailz · wall_segment Palisade Wall x1 |
| 37:25 | 貓抓板 · first_market_sell 100 stone |
| 39:20 | 貓抓板 · first_building Castle |
| 40:48 | omnomhailz · age_up imperial |
| 40:57 | omnomhailz · wall_segment Palisade Wall x1 |
| 41:01 | omnomhailz · wall_segment Palisade Wall x1 |
| 41:03 | omnomhailz · wall_segment Palisade Wall x1 |
| 45:43 | 貓抓板 · wall_segment Stone Wall x18 |
| 48:34 | 貓抓板 · wall_segment Palisade Wall x1 |
| 49:07 | 貓抓板 · resign |
[ AI ANALYSIS · 1 CREDIT ]
What really happened in this match?
Wolo.gg analyzes every decision: build order, eco, micro, common mistakes by bracket. Personalized analysis on WhatsApp or Discord in 30 seconds.
Civ guide
Magyars
Perfil
Jugador #22731211